 Dungeon Crawl Stone Soup version 0.27-a0-797-g27d10ad80f (webtiles) character file.

Game seed: 1265400608027764835

11 polve the Skirmisher (level 2, -4/24 HPs)
             Began as a Demonspawn Abyssal Knight on Mar 27, 2021.
             Was a Follower of Lugonu.
             Slain by a hobgoblin (6 damage)
             ... on level 1 of the Dungeon.
             The game lasted 00:01:08 (1158 turns).

polve the Skirmisher (Demonspawn Abyssal Knight)    Turns: 1158, Time: 00:01:09

Health: -4/24      AC:  3    Str: 12    XL:     2   Next: 17%
Magic:  3/3        EV: 11    Int: 13    God:    Lugonu [*.....]
Gold:   19         SH:  0    Dex: 12    Spells: 1/1 levels left

rFire    . . .     SeeInvis .   a - +1 falchion
rCold    . . .     Faith    .   (no shield)
rNeg     . . .     Spirit   .   b - +0 leather armour
rPois    .         Reflect  .   (no helmet)
rElec    .         Harm     .   (no cloak)
rCorr    .         Rampage  .   (no gloves)
Will     .....                  (no boots)
Stlth    +.........             (no amulet)
HPRegen  0.08/turn              (no ring)
MPRegen  0.08/turn              (no ring)

@: no status effects
A: talons 1
a: Renounce Religion, Depart the Abyss


You were on level 1 of the Dungeon.
You worshipped Lugonu.
Lugonu was aware of your devotion.
You visited 1 branch of the dungeon, and saw 1 of its levels.
You visited the Abyss 1 time.

You collected 19 gold pieces.

Inventory:

Hand Weapons
 a - a +1 falchion (weapon)
Armour
 b - a +0 leather armour (worn)
 c - a +0 pair of gloves
Potions
 d - a potion of ambrosia {unknown}
 e - 2 potions of flight {unknown}
 f - a potion of might {unknown}


   Skills:
 - Level 3.0 Fighting
 + Level 2.6 Long Blades
 - Level 1.7 Armour
 - Level 0.8 Dodging
 - Level 2.4 Invocations


You had one spell level left.
You didn't know any spells.
Your spell library contained the following spells:

 Spells                   Type           Power      Damage    Failure   Level
 Confusing Touch          Hex            0%         N/A       75%         3
 Gell's Gravitas          Tloc           0%         N/A       75%         3
 Petrify                  Tmut/Erth      0%         N/A       98%         4
 Metabolic Englaciation   Hex/Ice        0%         N/A       100%        5
 Yara's Violent Unravell  Hex/Tmut       0%         3d3       100%        5


Dungeon Overview and Level Annotations

Branches:
Dungeon (1/15)

Altars:


Innate Abilities, Weirdness & Mutations

You have sharp toenails.


Message History

The kobold completely misses you. The kobold hits you with a +0 dagger.
The kobold closely misses you. The kobold hits you with a +0 dagger.
The kobold closely misses you. The kobold hits you with a +0 dagger.
The kobold hits you with a +0 dagger.
* * * LOW HITPOINT WARNING * * *
The kobold hits you with a +0 dagger.
* * * LOW HITPOINT WARNING * * *
The kobold hits you but does no damage. The kobold hits you with a +0 dagger.
* * * LOW HITPOINT WARNING * * *
The kobold closely misses you.
You riposte.
You hit the kobold.
You kill the kobold!
Lugonu accepts your kill.
Key pressed, stopping explore.
Things that are here:
a +0 dagger; a kobold skeleton You pick up a book of Misfortune and begin reading...
You add the spells Confusing Touch, Gell's Gravitas, Petrify, Metabolic Englaciation and Yara's Violent Unravelling to your library.
A goblin and a hobgoblin come into view.
The goblin shouts!
The hobgoblin shouts!
Found a stone staircase leading down.
There are monsters nearby!
The hobgoblin barely misses you. The goblin hits you with a +0 club.
The hobgoblin barely misses you. The goblin hits you with a +0 club.
The hobgoblin hits you. The goblin hits you but does no damage.
The hobgoblin hits you. The goblin hits you but does no damage.
The hobgoblin closely misses you.
The hobgoblin hits you but does no damage.
The goblin misses you. The goblin barely misses you.
The hobgoblin completely misses you. The goblin hits you with a +0 club.
* * * LOW HITPOINT WARNING * * *
The hobgoblin closely misses you. The goblin hits you but does no damage.
The hobgoblin hits you.
* * * LOW HITPOINT WARNING * * *
The goblin hits you but does no damage. The hobgoblin hits you.
You die...

............##.#
............<#.# ..
.........#####.# .#
∩##∩∩###.# #.# .#
##############.# .#
...............# .#
##.#####.##....# .# ##.#
#.##.#..##.######
##)#####.##.#...@g......
.........##.#..##g######
##.#####.##.#... ...
##.# # #.##.#..##.###
##.... #.##.#..# .#
.......... ##.# .#
##..... #.# .# .......
... >. ##.#####


You could see a hobgoblin and a goblin.

Vanquished Creatures
  A dart slug (D:1)
  4 giant cockroaches (D:1)
  A quokka (D:1)
  A ball python (D:1)
  2 kobolds (D:1)
9 creatures vanquished.

Notes
Turn   | Place    | Note
-------+----------+-------------------------------------------
     0 | Abyss:1  | polve the Demonspawn Abyssal Knight began the quest for the
                  | Orb.
     0 | Abyss:1  | Reached XP level 1. HP: 18/18 MP: 2/2
    59 | Abyss:1  | Noticed an ancient zyme
    83 | D:1      | Escaped the Abyss
   709 | D:1      | Gained mutation: You have sharp toenails. [demonic
                  | ancestry]
   709 | D:1      | Reached XP level 2. HP: 12/24 MP: 3/3
   709 | D:1      | Reached * piety under Lugonu
  1158 | D:1      | Slain by a hobgoblin

Illustrated notes

Levels and vault maps discovered:
D:1:      amcnicky_arrival_abandoned_market, layout_basic,
          minmay_worlds_worst_comb

Skill      XL: |  1 |
---------------+----+-----
Long Blades    | 2 |  2.6
Fighting       | |  3.0
Armour         | |  1.7
Dodging        | |  0.8
Invocations    | |  2.4

Action                   || total
-------------------------++-------
Melee: Falchion          ||    19
       Kick              ||     2
Invok: Depart the Abyss  ||     1
Armor: Leather armour    ||    15
Dodge: Dodged            ||    29
       Rpst.: Falchion   ||     8

Table legend: (Time is in decaauts)
 A = Elapsed time spent in this place.
 B = Non-inter-level travel time spent in this place.
 C = Inter-level travel time spent in this place.
 D = Time resting spent in this place.
 E = Time spent auto-exploring this place.
 F = Levels seen in this place.
 G = Mean time per level.
                   A        B        C        D        E       F      G
               +--------+--------+--------+--------+--------+-----+--------+
         Total |   1161 |   1161 |      0 |      0 |    955 |   2 |  580.5 |
       Dungeon |   1078 |   1078 |      0 |      0 |    899 |   1 | 1078.0 |
         Abyss |     83 |     83 |      0 |      0 |     56 |   1 |   83.0 |
               +--------+--------+--------+--------+--------+-----+--------+

Top non-repeatable levels by time:
     D:1: 1078 daAuts
 Abyss:1: 83 daAuts
